 Dungeon Crawl Stone Soup version 0.30-a0-1043-g60ff8d5f49 (webtiles) character file.

Game seed: 12447401336466001263

1351 cheesebisquit the Covert (level 8, -3/41 HPs)
             Began as a Spriggan Brigand on Apr 9, 2023.
             Was an Initiate of Dithmenos.
             Slain by an orc warrior
             ... wielding a +2 war axe of electrocution
              (17 damage)
             ... on level 6 of the Dungeon.
             The game lasted 00:20:11 (5491 turns).

cheesebisquit the Covert (Spriggan Brigand)         Turns: 5491, Time: 00:20:11

Health: -3/41      AC:  3    Str: 13    XL:     8   Next: 36%
Magic:  0/9        EV: 20    Int: 13    God:    Dithmenos [......]
Gold:   373        SH:  0    Dex: 18    Spells: 7/7 levels left

rFire   . . .      SeeInvis +    D - +2 dagger (venom)
rCold   . . .      Faith    .    (no shield)
rNeg    . . .      Spirit   +    b - +0 robe
rPois   .          Reflect  .    (helmet restricted)
rElec   .          Rampage  .    c - +0 cloak
rCorr   .                        (gloves unavailable)
Will    +....                    (boots unavailable)
Stlth   ++++                     e - amulet of guardian spirit
HPRegen 0.26/turn                n - +6 ring of strength
MPRegen 0.11/turn                (no ring)

@: very quick
A: very small, no large weapons, unfitting armour, see invisible, speed 3
a: Renounce Religion


You were on level 6 of the Dungeon.
You worshipped Dithmenos.
Dithmenos was noncommittal.
You visited 2 branches of the dungeon, and saw 7 of its levels.

You collected 373 gold pieces.

Inventory:

Hand Weapons
 a - a +2 dagger
 k - a +0 demon trident of flaming
 x - a +5 whip of venom
 D - a +2 dagger of venom (weapon)
Armour
 b - a +0 robe (worn)
 c - a +0 cloak (worn)
 w - a +0 animal skin
Jewellery
 e - an amulet of guardian spirit (around neck)
 n - a +6 ring of strength (left hand)
 C - a ring of ice
Scrolls
 d - 2 scrolls of enchant weapon {unknown}
 f - 4 scrolls of amnesia {unknown}
 j - a scroll of brand weapon {unknown}
 m - a scroll of enchant armour {unknown}
 o - 4 scrolls of teleportation {unknown}
 r - 2 scrolls of fear {unknown}
 s - a scroll of blinking {unknown}
 t - a scroll of poison {unknown}
 u - 3 scrolls of identify {unknown}
 y - 3 scrolls of vulnerability {unknown}
 B - 2 scrolls of fog {unknown}
Potions
 g - 5 potions of curing
 h - a potion of might {unknown}
 i - a potion of cancellation {unknown}
 p - 2 potions of attraction {unknown}
 q - a potion of brilliance {unknown}
 v - a potion of ambrosia {unknown}
 z - a potion of lignification {unknown}
 A - a potion of berserk rage {unknown}
 E - a potion of heal wounds {unknown}
 F - a potion of invisibility {unknown}


   Skills:
 + Level 3.6 Fighting
 * Level 6.8 Short Blades
 + Level 4.5 Throwing
 + Level 5.5 Dodging
 + Level 8.8 Stealth


You had 7 spell levels left.
You didn't know any spells.
Your spell library contained the following spells:

 Spells                   Type           Power      Damage    Failure   Level
 Freeze                   Ice            0%         1d3       30%         1
 Frozen Ramparts          Ice            0%         1d1       67%         3
 Hailstorm                Conj/Ice       0%         3d3       67%         3
 Portal Projectile        Hex/Tloc       0%         N/A       67%         3
 Tukima's Dance           Hex            0%         N/A       67%         3
 Blade Hands              Tmut           0%         N/A       100%        5


Dungeon Overview and Level Annotations

Branches:
Dungeon (6/15)             Temple (1/1) D:5

Altars:
Ashenzari
Cheibriados
Dithmenos
Elyvilon
Gozag
Hepliaklqana
Makhleb
Nemelex Xobeh
Okawaru
Qazlal
Ru
Sif Muna
Vehumet
Xom
Yredelemnul
Zin
The Shining One

Shops:
D:1 (

Annotations:
D:3 1 runed translucent door, Crazy Yiuf


Innate Abilities, Weirdness & Mutations

You are very small and have problems with some larger weapons.
You are too small for most types of armour.
You have supernaturally acute eyesight. (SInv)
You cover ground extremely quickly. (Speed+++)


Message History

An orc warrior comes into view.
It is wielding a +2 war axe of electrocution.
You hit the iguana but do no damage.
The iguana looks as sick as possible!
The iguana is heavily wounded.
The iguana hisses menacingly.
The iguana completely misses you.
You hit the iguana but do no damage.
The iguana looks as sick as possible!
The iguana is heavily wounded.
The iguana bites you.
You barely miss the iguana.
The iguana is heavily wounded.
You hit the iguana.
The iguana looks as sick as possible!
The iguana is severely wounded.
The iguana bites you.
You hit the iguana but do no damage.
The iguana looks as sick as possible!
The iguana is severely wounded.
The iguana closely misses you.
Things that are here:
a +0 dagger; a +1 robe of fire resistance You closely miss the orc warrior.
Dithmenos accepts your kill.
You feel a bit more experienced.
You hit the orc warrior.
The orc warrior is poisoned.
The orc warrior is lightly wounded.
The orc warrior hits you with a +2 war axe of electrocution!
* * * LOW HITPOINT WARNING * * *
It was a potion of curing.
You feel better. The orc warrior completely misses you.
You hit the orc warrior but do no damage.
The orc warrior looks as sick as possible!
The orc warrior is lightly wounded.
The orc warrior closely misses you.
You hit the orc warrior but do no damage.
The orc warrior looks as sick as possible!
The orc warrior is moderately wounded.
You hit the orc warrior but do no damage.
The orc warrior looks as sick as possible!
The orc warrior is moderately wounded.
The orc warrior hits you with a +2 war axe of electrocution.
You are electrocuted!!
You die...

####..###....##
#~~~~.##~~~~..#####
######
#~##~~##~##~~......
#~~~~###~~##~~~~
##~~~~~~~
#~##~~~~~~~######
#######~
#~~##~######..~# ##
##~~###.#.#.#.#
##~'..~.†o).#
#~~###.#@#.#.(#
#~~## ######.#~.#
#### #~# ## ## #~~~
#~ #~~## ## #####
+....


You could see an orc warrior (extremely poisoned).

Vanquished Creatures
  A kobold demonologist (D:6)
  A water moccasin (D:5)
  2 ogres
  A phantom (D:5)
  A scorpion (D:5)
  A howler monkey (D:6)
  A hound (D:5)
  3 orc priests
  7 iguanas
  A sleepcap (D:6)
  3 orc wizards
  Robin (D:3)
  5 adders
  2 worms
  6 dart slugs
  21 orcs
  2 bats
  10 endoplasms
  2 giant cockroaches (D:1)
  13 goblins
  14 hobgoblins
  12 jackals
  3 quokkas
  8 ball pythons
  3 frilled lizards
  3 kobolds
  4 rats
131 creatures vanquished.

Vanquished Creatures (collateral kills)
  An iguana (D:5)
  An ufetubus (D:5)
2 creatures vanquished.

Vanquished Creatures (others)
  A sleepcap (D:5)
  An orc (D:5)
2 creatures vanquished.

Grand Total: 135 creatures vanquished

Notes
Turn   | Place    | Note
-------+----------+-------------------------------------------
     0 | D:1      | cheesebisquit the Spriggan Brigand began the quest for the
                  | Orb.
     0 | D:1      | Reached XP level 1. HP: 10/10 MP: 2/2
    35 | D:1      | Reached skill level 6 in Stealth
    71 | D:1      | Reached XP level 2. HP: 9/15 MP: 3/3
   377 | D:1      | Reached XP level 3. HP: 18/18 MP: 4/4
   657 | D:1      | Found a faded altar of an unknown god.
   784 | D:1      | Found Qoiliych's Antique Weapon Shop.
  1042 | D:2      | Reached XP level 4. HP: 23/23 MP: 5/5
  1448 | D:3      | Noticed Robin
  1879 | D:3      | Reached XP level 5. HP: 5/26 MP: 1/6
  2165 | D:3      | Found a runed translucent door.
  2166 | D:3      | Noticed Crazy Yiuf
  2445 | D:3      | Reached skill level 7 in Stealth
  2474 | D:3      | Killed Robin
  2608 | D:3      | Reached XP level 6. HP: 32/32 MP: 5/7
  3760 | D:4      | Found a sparkling altar of Nemelex Xobeh.
  4151 | D:5      | Entered Level 5 of the Dungeon
  4282 | D:5      | Reached skill level 5 in Short Blades
  4336 | D:5      | Found a staircase to the Ecumenical Temple.
  4343 | Temple   | Entered the Ecumenical Temple
  4397 | Temple   | Became a worshipper of Dithmenos the Shadowed
  4556 | D:5      | Reached XP level 7. HP: 24/35 MP: 5/8
  4826 | D:5      | Reached skill level 8 in Stealth
  5351 | D:6      | Reached skill level 5 in Dodging
  5351 | D:6      | Reached XP level 8. HP: 40/40 MP: 9/9
  5426 | D:6      | Noticed a kobold demonologist
  5452 | D:6      | Killed a kobold demonologist
  5491 | D:6      | Slain by an orc warrior

Illustrated notes

Levels and vault maps discovered:
D:1:      reono_arrival_forest_river, layout_basic,
          dilly_ecumenical_altar_fadedgnrine, serial_shops,
          nicolae_shop_behind_doors, dk_noncrumbling_3
D:2:      layout_rooms, grunt_ministairs_3, minmay_hexomino_f4
D:3:      layout_loops_ring, minmay_misc_feat_four_crosses, minmay_surrounded,
          uniq_crazy_yiuf_cottage, uniq_robin
D:4:      layout_basic, nemelex_altar_shiori
D:5:      layout_basic, minmay_temple_entry_mini_moons, minmay_fractal_squares_5
D:6:      layout_basic, eat_drink_and_be_merry_uskayaw, minmay_manual_mullet
Temple:   eino_temple_rhombus

Skill      XL: |  1  2  3  4  5  6  7 |
---------------+----------------------+-----
Stealth        | 6 7 8 |  8.8
Dodging        | 2 3 4 5 |  5.5
Short Blades   | 3 4 5 6 |  6.8
Fighting       | 2 3 |  3.6
Throwing       | 3 4 |  4.5

Action                     |  1- 3 |  4- 6 |  7- 9 || total
---------------------------+-------+-------+-------++-------
  Melee: Dagger            |    48 |   220 |    91 ||   359
         Punch             |       |     1 |     2 ||     3
  Throw: Dart              |    80 |    32 |     5 ||   117
         Throwing net      |       |     2 |       ||     2
         Boomerang         |       |    12 |       ||    12
  Evoke: Wand              |     9 |     6 |     2 ||    17
    Use: Potion            |       |       |     1 ||     1
   Stab: Sleeping          |       |     8 |     1 ||     9
         Held in net/web   |       |     1 |       ||     1
 Armour: Robe              |     8 |    19 |     9 ||    36
  Dodge: Dodged            |    23 |    98 |    47 ||   168

Table legend: (Time is in decaauts)
 A = Elapsed time spent in this place.
 B = Non-inter-level travel time spent in this place.
 C = Inter-level travel time spent in this place.
 D = Time resting spent in this place.
 E = Time spent auto-exploring this place.
 F = Levels seen in this place.
 G = Mean time per level.
                   A        B        C        D        E       F      G
               +--------+--------+--------+--------+--------+-----+--------+
         Total |   3859 |   3573 |    286 |    316 |   2384 |   7 |  551.3 |
       Dungeon |   3740 |   3469 |    271 |    316 |   2293 |   6 |  623.3 |
        Temple |    119 |    104 |     15 |      0 |     90 |   1 |  119.0 |
               +--------+--------+--------+--------+--------+-----+--------+

Top non-repeatable levels by time:
     D:4: 933 daAuts
     D:3: 919 daAuts
     D:5: 599 daAuts
     D:1: 597 daAuts
     D:2: 559 daAuts
     D:6: 131 daAuts
  Temple: 119 daAuts
